 Dungeon Sprint DCSS version 0.17.1-3-g152610e (webtiles) character file.

1117 Kokonut the Basher (level 8, -6/89 HPs)
             Began as a Troll Berserker on Mar 31, 2016.
             Was a High Priest of Trog.
             Mangled by an iron troll (25 damage)
             ... summoned by the player character
             ... in the Dungeon (Sprint V: "Ziggurat Sprint").
             The game lasted 00:05:21 (331 turns).

Kokonut the Basher (Troll Berserker)                 Turns: 331, Time: 00:05:21

Health: -6/89      AC: 16    Str: 27    XL:     8   Next: 12%
Magic:  7/7        EV: 12    Int:  9    God:    Trog [*****.]
Gold:   0          SH:  0    Dex: 16    Spells: 0 memorised, 7 levels left

rFire  + + +     SeeInvis .     J - +7 great mace "Firestarter" {inner flame, rF++}
rCold  x . .     Clarity  .     N - +5 fire dragon armour
rNeg   . . .     SustAt   .     (shield currently unavailable)
rPois  .         Gourm    +     (helmet restricted)
rElec  .         Spirit   .     (no cloak)
rCorr  .         Warding  .     (gloves unavailable)
rMut   .         NoTele   +     (boots unavailable)
MR     .....                    (no amulet)
Stlth  ..........               E - +6 ring of intelligence
                                C - +6 ring of dexterity

@: exhausted, slowed, very slow, not resistant to hostile enchantments,
extremely unstealthy
A: unfitting armour, claws 3, fast metabolism 3, gourmand, regeneration 2,
shaggy fur 1, tough skin 2
a: Berserk, Trog's Hand, Brothers in Arms, Burn Spellbooks, Renounce Religion


You were in the Dungeon.
You worshipped Trog.
Trog was extremely pleased with you.
You were very full.

You visited 1 branch

Inventory:

Hand Weapons
 a - a +0 mace
 I - the +10 dark maul {crush}
   (You found it in the Dungeon)

   It inflicts extra damage upon your enemies.
 J - the +7 great mace "Firestarter" (weapon) {inner flame, rF++}
   (You found it in the Dungeon)

   It has been specially enchanted to burn those struck by it, causing extra
   injury to most foes and up to half again as much damage against particularly
   susceptible opponents.
   It greatly protects you from fire.
 K - a +5 giant spiked club
Armour
 b - a +0 animal skin
 j - a +5 gold dragon armour
 L - a +3 shield
 M - the +18 shield of the gong {rElec rN+ MR+ EV-5}
   (You found it in the Dungeon)

   It affects your evasion (-5).
   It insulates you from electricity.
   It protects you from negative energy.
   It affects your resistance to hostile enchantments.
 N - a +5 fire dragon armour (worn)
 S - a +0 robe of magic resistance
Jewellery
 C - a +6 ring of dexterity (left claw)
 D - a +6 ring of dexterity
 E - a +6 ring of intelligence (right claw)
 F - a +6 ring of intelligence
 G - a +6 ring of strength
 H - a +6 ring of strength
 P - an uncursed amulet of regeneration
 R - an uncursed amulet of guardian spirit
 U - an uncursed ring of fire
Wands
 y - a wand of disintegration (7)
 z - a wand of fire (5)
 A - a wand of cold (5)
 B - a wand of draining (5)
Scrolls
 i - 4 scrolls of blinking
 q - 3 scrolls of recharging
 r - 7 scrolls of fog
 s - 2 scrolls of holy word
 t - 5 scrolls of identify
 u - 5 scrolls of remove curse
 v - 2 scrolls of fear
 Q - 4 scrolls of enchant weapon
Potions
 d - 10 potions of curing
 e - 10 potions of heal wounds
 f - 6 potions of haste
 g - 7 potions of magic
 h - 3 potions of berserk rage
 k - 2 potions of brilliance
 l - 2 potions of invisibility
 m - 4 potions of resistance
 n - a potion of experience
 o - 6 potions of agility
 p - 5 potions of might
Comestibles
 c - 6 bread rations
 w - 42 fruits
 x - 4 meat rations
 O - 10 chunks of flesh
 T - 3 royal jellies


   Skills:
 + Level 8.4 Fighting
 * Level 11.2 Maces & Flails
 + Level 8.4 Dodging


You had 7 spell levels left.
You didn't know any spells.

Dungeon Overview and Level Annotations

Branches:
Dungeon (1/1)

Altars:
Ashenzari
Cheibriados
Dithmenos
Elyvilon
Fedhas
Gozag
Kikubaaqudgha
Makhleb
Nemelex Xobeh
Okawaru
Qazlal
Ru
Sif Muna
Trog
Vehumet
Xom
Yredelemnul
Zin
The Shining One
Beogh
Jiyva
Lugonu


Innate Abilities, Weirdness & Mutations

You are too large for most types of armour.
You have claws for hands.
Your metabolism is lightning-fast.
You like to eat raw meat.
You heal very quickly.
You are covered in fur (AC +1).
You have very tough skin (AC +2).


Message History

You have reached level 8!
The iron troll is engulfed in roaring flames.
The iron troll misses you. x2
The iron troll closely misses you.
You see here a swamp drake corpse.
You feel a strong urge to attack something.
The iron troll bites you. The iron troll closely misses you.
The iron troll claws you.
The iron troll is engulfed in roaring flames.
You feel your anger subside.
You are no longer berserk.
Trog's vigour flows through your veins.
You are exhausted.
You feel yourself slow down. The iron troll closely misses you.
The iron troll claws you but does no damage.
The iron troll claws you!! The iron troll bites you!!
* * * LOW HITPOINT WARNING * * *
The iron troll claws you!!
You die...

▓.▓....▓.▓.▓÷.÷.▓.▓
▓........▓...)....▓
▓▓▓▓▓▓▓▓▓▓▓▓▓▓▓▓▓▓▓
▓..8©8..▓ ▓../|}..▓
▓..))[..▓ ▓.§§§...▓
▓†§§§...▓ ▓.§§@...▓
▓..T....▓ ▓.▓...▓.▓
▓.......▓ ▓▓▓▓▓▓▓▓▓


You could see an iron troll (berserk).

Vanquished Creatures
  A fire drake (D)
  A mottled dragon (D)
  2 water moccasins (D)
  2 nagas (D)
  A swamp drake (D)
  3 orc priests (D)
  An orc wizard (D)
  3 adders (D)
  3 orcs (D)
  4 ball pythons (D)
21 creatures vanquished.

Vanquished Creatures (collateral kills)
  A wyvern (D)
  2 steam dragons (D)
3 creatures vanquished.

Grand Total: 24 creatures vanquished

Notes
Turn   | Place    | Note
--------------------------------------------------------------
     0 | D        | Kokonut the Troll Berserker began the quest for the Orb.
     0 | D        | Reached XP level 1. HP: 22/22 MP: 0/0
     0 | D        | Found an iron altar of Okawaru.
     0 | D        | Found a radiant altar of Vehumet.
     0 | D        | Found a burning altar of Makhleb.
     0 | D        | Found a shimmering altar of Xom.
     0 | D        | Found a deep blue altar of Sif Muna.
     5 | D        | Found a roughly hewn altar of Beogh.
     5 | D        | Found a corrupted altar of Lugonu.
     5 | D        | Found a viscous altar of Jiyva.
     5 | D        | Found a white marble altar of Elyvilon.
     5 | D        | Found a sparkling altar of Nemelex Xobeh.
     5 | D        | Found a bloodstained altar of Trog.
    78 | D        | Entered arena 1.
    78 | D        | Noticed a naga
    79 | D        | Reached ** piety under Trog
    87 | D        | Killed a naga
    87 | D        | Reached skill level 5 in Fighting
    87 | D        | Reached skill level 5 in Maces & Flails
    87 | D        | Reached skill level 5 in Dodging
    87 | D        | Reached XP level 2. HP: 11/35 MP: 1/1
    87 | D        | Reached XP level 3. HP: 13/42 MP: 2/2
    87 | D        | Reached XP level 4. HP: 15/50 MP: 3/3
   149 | D        | Entered arena 2.
   149 | D        | Noticed an orc wizard
   149 | D        | Noticed an orc priest
   152 | D        | Killed an orc priest
   152 | D        | Reached XP level 5. HP: 57/57 MP: 4/4
   153 | D        | Killed an orc wizard
   153 | D        | Reached *** piety under Trog
   153 | D        | Reached skill level 6 in Maces & Flails
   165 | D        | Reached **** piety under Trog
   206 | D        | Entered arena 3.
   206 | D        | Noticed a water moccasin
   209 | D        | Killed a water moccasin
   209 | D        | Reached skill level 7 in Maces & Flails
   209 | D        | Reached XP level 6. HP: 65/68 MP: 5/5
   211 | D        | Reached ***** piety under Trog
   224 | D        | Entered arena 4.
   224 | D        | Noticed an orc priest
   224 | D        | Noticed an orc priest
   227 | D        | Killed an orc priest
   227 | D        | Reached skill level 8 in Maces & Flails
   228 | D        | Killed an orc priest
   264 | D        | Entered arena 5.
   264 | D        | Noticed a naga
   264 | D        | Noticed a water moccasin
   271 | D        | Killed a water moccasin
   271 | D        | Received a gift from Trog
   271 | D        | Reached ****** piety under Trog
   271 | D        | Reached skill level 9 in Maces & Flails
   274 | D        | Killed a naga
   274 | D        | Reached XP level 7. HP: 78/78 MP: 6/6
   312 | D        | Entered arena 6.
   312 | D        | Noticed a wyvern
   312 | D        | Noticed a mottled dragon
   312 | D        | Noticed a steam dragon
   312 | D        | Noticed a fire drake
   312 | D        | Noticed a swamp drake
   312 | D        | Noticed a steam dragon
   315 | D        | Killed a wyvern
   315 | D        | Reached skill level 10 in Maces & Flails
   318 | D        | Killed a steam dragon
   319 | D        | Killed a steam dragon
   320 | D        | Killed a swamp drake
   322 | D        | Killed a mottled dragon
   325 | D        | Killed a fire drake
   325 | D        | Reached skill level 11 in Maces & Flails
   325 | D        | Reached XP level 8. HP: 89/89 MP: 7/7
   331 | D        | Mangled by an iron troll

Action                   |  1- 3 |  4- 6 |  7- 9 || total
-------------------------+-------+-------+-------++-------
Melee: Great mace        |     7 |    22 |     5 ||    34
Invok: Berserk           |     1 |     2 |     1 ||     4
       Burn Spellbooks   |     1 |     1 |       ||     2
       Brothers in Arms  |       |       |     2 ||     2
  Eat: Chunk             |       |    10 |     2 ||    12
